 Dungeon Crawl Stone Soup version 0.31-a0-4-gefa6de2278 (webtiles) character file.

Game seed: 9186037327214815713

5 Esekla the Sneak (level 1, 16/16 HPs)
             Began as an Octopode Delver on May 3, 2023.
             Quit the game on level 5 of the Dungeon.
             The game lasted 00:01:17 (135 turns).

Esekla the Sneak (Octopode Delver)                   Turns: 135, Time: 00:01:17

Health: 16/16      AC:  1    Str: 11    XL:     1   Next: 80%
Magic:  1/1        EV: 13    Int: 12    God:
Gold:   20         SH:  0    Dex: 13    Spells: 0/0 levels left

rFire   . . .        a - +0 falchion
rCold   . . .        (no shield)
rNeg    . . .        (helmet restricted)
rPois   .            (no amulet)
rElec   .            (no ring)
rCorr   .            (no ring)
SInv    .            (no ring)
Will    .....        (no ring)
Stlth   ++++         (no ring)
HPRegen 0.22/turn    (no ring)
MPRegen 0.07/turn    (no ring)
                     (no ring)

%: no passive effects
@: no status effects
A: almost no armour, amphibious, 8 rings, camouflage 1, gelatinous body 1,
(nimble swimmer 1), tentacles
a: no special abilities


You were on level 5 of the Dungeon.
You visited 1 branch of the dungeon, and saw 1 of its levels.

You collected 20 gold pieces.

Inventory:

Hand Weapons
 a - a +0 falchion (weapon)
Wands
 f - a wand of digging (3)
Scrolls
 b - a scroll of fog
 d - a scroll of fear
Potions
 e - a potion of haste
 g - a potion of curing {unknown}


   Skills:
 * Level 3.0 Fighting
 * Level 2.0 Long Blades
 * Level 2.0 Dodging
 + Level 6.9 Stealth


You couldn't memorise any spells.
You didn't know any spells.
Your spell library contained the following spells:

 Spells                   Type           Power      Damage    Failure   Level
 Cause Fear               Hex            0%         N/A       97%         4
 Dragon Form              Tmut           0%         N/A       100%        7
 Dragon's Call            Summ           0%         N/A       100%        9


Dungeon Overview and Level Annotations

Branches:
Dungeon (5/15)
 Temple: D:4-7

Altars:
Trog


Innate Abilities, Weirdness & Mutations

You cannot wear most types of armour.
You are amphibious.
You can wear up to eight rings at the same time.
Your skin changes colour to match your surroundings (Stealth+).
Your rubbery body absorbs attacks. (AC +1, EV +1)
((You are camouflaged when in or above water. (Stealth+)))
You have tentacles for arms and can constrict up to eight enemies at once.


Message History

You grab the jackal.
The jackal is severely wounded.
You constrict the jackal, but do no damage.
The jackal completely misses you. The jackal bites you.
You hit the jackal but do no damage. You squeeze the jackal.
You kill the jackal!
You closely miss the jackal. You grab the jackal. You squeeze the jackal.
The jackal is almost dead.
You constrict the jackal, but do no damage.
The jackal closely misses you.
You slash the jackal!
You kill the jackal!
The jackal misses you.
You barely miss the jackal. You grab the jackal. You constrict the jackal.
The jackal closely misses you. The jackal bites you.
You hit the jackal.
The jackal is severely wounded.
You constrict the jackal. The jackal misses you.
You barely miss the jackal.
The jackal is almost dead.
You constrict the jackal.
You kill the jackal!
You hit the jackal. You grab the jackal.
You squeeze the jackal, but do no damage.
The jackal is moderately wounded.
You constrict the jackal. The jackal barely misses you.
The jackal bites you but does no damage.
You barely miss the jackal. Your squeeze misses the jackal.
The jackal is severely wounded.
You constrict the jackal. The jackal misses you. The jackal barely misses you.
You hit the jackal but do no damage.
The jackal is almost dead.
You constrict the jackal.
You kill the jackal!
You start resting.
HP restored.
Found a stone staircase leading up.
Found a robe.
Found a bloodstained altar of Trog.
Are you sure you want to abandon this character and quit the game? (Confirm with "yes".)

*,* *,,,,,,,,,* *,,,*****,*,* #.#
###*#.#*### **,** *,,** #.#
#..,...,..# *,* *,*,* ..#
#.#*#.#*#.# **+#* *,**, ..#
#.###.# #.#####...*****,,,, #.#
#.##..###.#.......,,,****** #.#
#.##.#.##...≈≈≈≈≈≈~,,* **,
..#####.##....#.#...≈≈≈≈~~,****,,
................@.8...._~~,+,,,,,
##########....#.#...≈≈≈≈~~,*,**,,
# #.#.##...≈≈≈≈≈≈~,,,,***, #
***#.######.......,,,*** ** #
*,,...,,,**###[...**** #
*,##..,,,* *##+#***** #
*,*####,,* *,**,,,** # *,* *,,*
*,*,***,**** # *,*****,,**
**,*,*,,,,,,,


There were no monsters in sight!

Vanquished Creatures
  4 jackals (D:5)
4 creatures vanquished.

Notes
Turn   | Place    | Note
-------+----------+-------------------------------------------
     0 | D:5      | Esekla the Octopode Delver began the quest for the Orb.
     0 | D:5      | Reached XP level 1. HP: 16/16 MP: 1/1
    74 | D:5      | Noticed a scorpion
   134 | D:5      | Found a bloodstained altar of Trog.
   135 | D:5      | Quit the game

Illustrated notes

Levels and vault maps discovered:
D:5:      layout_loops_corners, mainiacjoe_overflow_catwalk, uniq_blork_the_orc

Action                     || total
---------------------------++-------
  Melee: Falchion          ||    14
         Constrict         ||     4
         Tentacles         ||     3
    Use: Scroll            ||     1
 Armour: Skin              ||     1
  Dodge: Dodged            ||    17

Table legend: (Time is in decaauts)
 A = Elapsed time spent in this place.
 B = Non-inter-level travel time spent in this place.
 C = Inter-level travel time spent in this place.
 D = Time resting spent in this place.
 E = Time spent auto-exploring this place.
 F = Levels seen in this place.
 G = Mean time per level.
                   A        B        C        D        E       F      G
               +--------+--------+--------+--------+--------+-----+--------+
         Total |    137 |    137 |      0 |      4 |      0 |   1 |  137.0 |
       Dungeon |    137 |    137 |      0 |      4 |      0 |   1 |  137.0 |
               +--------+--------+--------+--------+--------+-----+--------+

Top non-repeatable levels by time:
     D:5: 137 daAuts
